AoeStats
← Viper

Fortress

507786727Analyzed
2v2 RM · 13d ago on Sep 19, 2026· 60m 54s· 4 players
Game mode
Random Map
Map size
Normal (6 player)
Population
200
Speed
Normal
Resources
Standard
Victory
Conquest
Starting age
Dark Age
Ending age
Imperial Age
RankedLock teamsTeams togetherTeam positionsShared explorationLock speedFull tech treeHidden civsTurbo modeCheats
Victory
Defeat
🇮🇳 Goths · India
1078
+15
🇦🇷 Bohemians · Argentina
1042
+17
🇦🇷 Bulgarians · Argentina
1062
-16
🇦🇷 Turks · Argentina
1061
-16
Viper
5:06 Loom
8:08 Feudal Age
13:47 Castle Age
11:58 Double-Bit Axe
13:56 Horse Collar
14:59 Wheelbarrow
19:12 Bloodlines
19:03 Husbandry
22:02 Bow Saw
21:58 Heavy Plow
23:02 Gold Mining
26:37 Imperial Age
24:30 Town Watch
26:13 Hand Cart
26:25 Fletching
26:35 Padded Archer Armor
27:09 Ballistics
26:46 Murder Holes
28:37 Conscription
31:02 Bodkin Arrow
31:23 Leather Archer Armor
31:27 Forging
31:18 Scale Mail Armor
Snake
1:09 Loom
8:24 Feudal Age
9:02 Double-Bit Axe
9:00 Horse Collar
14:55 Castle Age
13:27 Stone Mining
15:37 Forging
15:18 Fletching
16:44 Stirrups
16:57 Scale Barding Armor
18:49 Gold Mining
20:14 Gambesons
21:18 Squires
22:00 Bow Saw
21:57 Town Watch
22:49 Wheelbarrow
22:32 Scale Mail Armor
23:59 Heavy Plow
25:13 Town Watch
26:23 Iron Casting
26:05 Chain Mail Armor
26:09 Murder Holes
27:08 Hand Cart
27:59 Masonry
27:59 Bodkin Arrow
31:53 Imperial Age
30:14 Husbandry
33:00 Gold Shaft Mining
32:03 Capped Ram
33:37 Crop Rotation
33:58 Ballistics
35:25 Blast Furnace
36:32 Plate Mail Armor
36:03 Bracer
36:12 Siege Engineers
36:41 Architecture
38:28 Chemistry
36:58 Siege Ram
38:32 Chain Barding Armor
37:38 Pikeman
38:40 Conscription
39:14 Stone Shaft Mining
38:51 Guard Tower
45:02 Plate Barding Armor
45:16 Bagains
46:57 Elite Skirmisher
49:41 Light Cavalry
50:34 Bloodlines
51:06 Town Patrol
53:05 Padded Archer Armor
52:35 Hussar
58:53 Heavy Scorpion
59:54 Leather Archer Armor
kingofkings
0:36 Loom
7:57 Feudal Age
12:02 Castle Age
10:20 Double-Bit Axe
10:45 Horse Collar
12:53 Bow Saw
13:22 Wheelbarrow
13:46 Heavy Plow
16:11 Gold Mining
19:23 Hand Cart
25:23 Imperial Age
23:27 Ballistics
22:48 Elite Skirmisher
23:25 Fletching
23:38 Padded Archer Armor
23:50 Anarchy
24:59 Forging
24:49 Scale Mail Armor
26:34 Conscription
27:33 Chemistry
27:12 Iron Casting
26:52 Chain Mail Armor
26:33 Bodkin Arrow
26:53 Leather Archer Armor
27:09 Squires
29:44 Blast Furnace
30:39 Pikeman
33:56 Halberdier
35:25 Man-at-Arms
36:33 Long Swordsman
37:31 Two-Handed Swordsman
38:15 Champion
41:46 Two-Man Saw
41:21 Crop Rotation
49:17 Perfusion
59:37 Bracer
60:07 Ring Archer Armor
60:26 Ring Archer Armor
Philip Morris
4:00 Loom
5:59 Feudal Age
11:46 Castle Age
9:50 Double-Bit Axe
10:57 Scale Mail Armor
11:24 Horse Collar
16:30 Squires
21:14 Town Watch
21:47 Bow Saw
25:52 Redemption
25:54 Forging
27:50 Wheelbarrow
28:20 Fortified Wall
31:49 Imperial Age
29:07 Pikeman
30:02 Horse Collar
32:24 Halberdier
33:49 Conscription
33:46 Chain Mail Armor
34:22 Iron Casting
40:48 Chemistry
40:10 Wagenburg Tactics
44:21 Murder Holes
46:01 Hand Cart
45:14 Cavalier
47:05 Scale Barding Armor
46:39 Houfnice
50:34 Light Cavalry
56:46 Arson
60:59 Town Patrol
Connection lost

Rejoining the realm…

Still unreachable

The connection could not be restored.

Session expired

The server has moved on; the page needs a fresh start.